Panthers vs Nordiques

Created - 2 janvier 2018 at 10:54

Goals
1 2 3 T
Panthers 0 0 2 2
Nordiques 0 2 2 4
Shots
1 2 3 T
Panthers 8 11 17 36
Nordiques 7 13 17 37

1st period

No Goal

Penalties :
Patrik Berglund (QUE) for Hooking (Minor) at 1:28, Derek MacKenzie (QUE) for Tripping (Minor) at 11:51

2nd period

1. Nordiques , Jakub Vrana 3 (Luke Glendening 5) at 10:36
2. Nordiques , Luke Glendening 1 (Jakub Vrana 4, Morgan Rielly 9) at 17:36

Penalties :
Jaromir Jagr (QUE) for Holding (Minor) at 2:45

3rd period

3. Panthers , Matt Moulson 6 (Adam McQuaid 6, Ryan White 4) at 6:58
4. Nordiques , Evander Kane 8 (Alexander Wennberg 16, Morgan Rielly 10) at 7:08
5. Panthers , Aleksander Barkov 15 (Mats Zuccarello 24) at 9:45
6. Nordiques , Jamie Benn 16 (Ryan O'Reilly 20, Shayne Gostisbehere 14) at 19:23 (Empty Net)

Penalties :
Blake Comeau (FLA) for Boarding (Minor) at 12:02

Goalie Stats

Carter Hutton (FLA), 33 saves from 36 shots - (0,917), L, 13-7-0, 59:46 minutes
Roberto Luongo (QUE), 34 saves from 36 shots - (0,944), W, 20-8-3, 60:00 minutes

Players Stats for Panthers

Player Name              G  A  P  +/- PIM S  H  SB GA TA FO     MP     PP MP  PK MP  
------------------------------------------------------------------------------------
Adam McQuaid             0  1  1   0  0   4  2  2  0  0  0/0    20:40   2:38   1:20 
Alec Martinez            0  0  0  -2  0   3  3  0  0  0  0/0    22:08   3:19   0:39 
Aleksander Barkov        1  0  1  -1  0   3  0  1  0  0  10/28  20:45   3:20   0:18 
Ales Hemsky              0  0  0  -1  0   4  0  1  0  1  0/0     9:04   0:00   0:00 
Andrew Ladd              0  0  0   0  0   2  1  0  0  1  0/0    18:23   2:37   0:50 
Blake Comeau             0  0  0   0  2   2  2  1  0  0  0/1    17:48   2:37   0:00 
Devante Smith-Pelly      0  0  0  -1  0   1  2  0  0  0  0/0     9:31   0:00   0:27 
Fedor Tyutin             0  0  0   0  0   0  1  1  0  0  0/0    11:45   0:00   0:00 
J.T. Miller              0  0  0  -1  0   1  1  0  1  1  1/3    20:27   3:20   0:00 
Jakub Kindl              0  0  0  -1  0   2  0  1  0  1  0/0    20:35   3:19   0:39 
Jannik Hansen            0  0  0   0  0   1  0  0  0  0  0/0    10:57   0:00   0:00 
Kyle Brodziak            0  0  0  -1  0   1  1  0  0  0  1/5     9:45   0:00   0:41 
Mats Zuccarello          0  1  1  -1  0   5  2  1  0  0  1/1    20:45   3:20   0:18 
Matt Greene              0  0  0  -1  0   1  3  4  0  1  0/0    26:57   2:38   0:33 
Matt Moulson             1  0  1   0  0   2  0  0  0  0  0/0    11:25   0:00   0:42 
Nathan Beaulieu          0  0  0   0  0   0  1  1  0  2  0/0    17:55   0:00   0:47 
Ryan White               0  1  1   0  0   0  2  0  0  0  2/9    11:23   0:00   0:42 
Tomas Plekanec           0  0  0   0  0   4  2  0  1  0  6/13   17:47   2:37   0:00 

Players Stats for Nordiques

Player Name              G  A  P  +/- PIM S  H  SB GA TA FO     MP     PP MP  PK MP  
------------------------------------------------------------------------------------
Alexander Wennberg       0  1  1   0  0   4  1  0  1  0  2/3    17:19   0:18   1:20 
Andrei Markov            0  0  0  -1  0   1  0  1  0  0  0/0    21:13   1:00   0:20 
Connor Brown             0  0  0   0  0   1  0  1  0  0  0/1    17:27   0:36   2:33 
Derek MacKenzie          0  0  0   2  2   0  3  0  1  0  0/0    10:22   0:00   1:40 
Evander Kane             1  0  1   0  0   1  3  0  0  1  1/2    16:00   0:18   0:00 
Jakub Vrana              1  1  2   2  0   3  0  0  1  0  0/0     7:38   0:00   0:00 
Jamie Benn               1  0  1   0  0   3  3  0  0  0  1/1    15:17   1:05   0:00 
Jared Spurgeon           0  0  0  -1  0   0  1  2  1  0  0/0    23:32   0:59   3:14 
Jaromir Jagr             0  0  0   0  2   4  1  0  1  0  0/0    14:55   0:36   0:00 
John-Michael Liles       0  0  0   1  0   2  0  0  0  1  0/0    17:01   0:00   2:43 
Kevin Klein              0  0  0   1  0   0  2  1  0  0  0/0    16:29   0:00   2:43 
Kyle Turris              0  0  0   0  0   6  1  0  1  0  10/15  16:00   0:18   0:00 
Luke Glendening          1  1  2   2  0   3  1  0  0  0  3/5    10:05   0:00   2:25 
Morgan Rielly            0  2  2   2  0   2  2  1  0  0  0/0    22:18   0:59   2:54 
Patrik Berglund          0  0  0   0  2   1  0  0  0  0  13/21  16:10   0:36   1:45 
Ryan O'Reilly            0  1  1   0  0   1  1  0  0  0  9/11   16:39   1:05   1:31 
Sebastian Aho            0  0  0   0  0   4  2  0  1  0  0/1    16:08   1:05   0:40 
Shayne Gostisbehere      0  1  1   2  0   1  3  1  0  0  0/0    19:27   1:00   0:00 

3 Stars

1 - Luke Glendening (QUE)
2 - Jakub Vrana (QUE)
3 - Morgan Rielly (QUE)

Power Play

Panthers - 0 on 3 Attempt(s) - 0,00%
Nordiques - 0 on 1 Attempt(s) - 0,00%

Penalty Kill

Panthers - 1 on 1 Attempt(s) - 100,00% - Score 0 goal in Penalty Kill
Nordiques - 3 on 3 Attempt(s) - 100,00% - Score 0 goal in Penalty Kill

Team Stat

Panthers - Hits : 23 - Faceoff Wins : 21 - Blocked Shots : 13 - Penalty Minutes : 2
Nordiques - Hits : 24 - Faceoff Wins : 39 - Blocked Shots : 7 - Penalty Minutes : 6

Official

Referees : Francis Charron and Ghislain Hebert
Linesman : Shandor Alphonso and Tony Sericolo

Game Notes

Jamie Benn has scored in a empty net!

Finance

Level 1 -- Attendance: 6000 (100,00%) -- Ticket Income 480 000 $
Level 2 -- Attendance: 5000 (100,00%) -- Ticket Income 250 000 $
Level 3 -- Attendance: 1903 (95,15%) -- Ticket Income 47 575 $
Level 4 -- Attendance: 4000 (100,00%) -- Ticket Income 40 000 $
Luxury Box -- Attendance: 1000 (100,00%) -- Ticket Income 160 000 $
Game was played at the Colisee.
Total Attendance: 17903 (99,46%)
Total Ticket Income: 977 575 $
Other Income: 479 012 $
Total Income: 1 456 587 $

Panthers

5 vs 5 Forward 
   Center                   Left Wing                Right Wing               Time % Phy DF OF 
 1 Aleksander Barkov        Mats Zuccarello          J.T. Miller              34     0   3  2  
 2 Tomas Plekanec           Andrew Ladd              Blake Comeau             30     0   4  1  
 3 Ryan White               Matt Moulson             Jannik Hansen            20     0   5  0  
 4 Kyle Brodziak            Devante Smith-Pelly      Ales Hemsky              16     0   5  0  

5 vs 5 Defense 
   Defense                  Defense                                           Time % Phy DF OF 
 1 Jakub Kindl              Matt Greene                                       35     0   4  1  
 2 Nathan Beaulieu          Adam McQuaid                                      30     0   5  0  
 3 Fedor Tyutin             Alec Martinez                                     20     0   5  0  
 4 Alec Martinez            Matt Greene                                       15     1   4  0  

PowerPlay Forward 
   Center                   Left Wing                Right Wing               Time % Phy DF OF 
 1 Aleksander Barkov        Mats Zuccarello          J.T. Miller              60     0   1  4  
 2 Tomas Plekanec           Andrew Ladd              Blake Comeau             40     0   1  4  

PowerPlay Defense
   Defense                  Defense                                           Time % Phy DF OF 
 1 Alec Martinez            Jakub Kindl                                       60     0   4  1  
 2 Matt Greene              Adam McQuaid                                      40     0   4  1  

Penalty Kill 4 Players Forward 
   Center                   Wing                     Time % Phy DF OF 
 1 Aleksander Barkov        Mats Zuccarello          60     0   3  2  
 2 Ryan White               Matt Moulson             40     0   4  1  

Penalty Kill 4 Players Defense
   Defense                  Defense                  Time % Phy DF OF 
 1 Adam McQuaid             Matt Greene              60     0   4  1  
 2 Jakub Kindl              Alec Martinez            40     0   5  0  

Penalty Kill - 3 Players Forward 
   Forward                                           Time % Phy DF OF 
 1 Aleksander Barkov                                 60     0   5  0  
 2 Mats Zuccarello                                   40     0   5  0  

Penalty Kill - 3 Players Defense
   Defense                  Defense                  Time % Phy DF OF 
 1 Matt Greene              Alec Martinez            60     0   5  0  
 2 Jakub Kindl              Adam McQuaid             40     0   5  0  

4 vs 4 Forward 
   Center                   Wing                     Time % Phy DF OF 
 1 Aleksander Barkov        Mats Zuccarello          60     0   3  2  
 2 J.T. Miller              Andrew Ladd              40     0   3  2  

4 vs 4 Defense
   Defense                  Defense                  Time % Phy DF OF 
 1 Matt Greene              Adam McQuaid             60     0   5  0  
 2 Jakub Kindl              Alec Martinez            40     0   5  0  

Last Minutes Offensive
   Center                   Left Wing                Right Wing               Defense                  Defense                  
   Aleksander Barkov        Mats Zuccarello          J.T. Miller              Jakub Kindl              Alec Martinez            

Last Minutes Defensive
   Center                   Left Wing                Right Wing               Defense                  Defense                  
   Aleksander Barkov        Mats Zuccarello          J.T. Miller              Matt Greene              Adam McQuaid             

Goaltenders
Starting : Carter Hutton            
Backup : Pekka Rinne              

Extra Forwards
Normal : Jannik Hansen, Ryan White, Matt Moulson - PP : Jannik Hansen, Ryan White - PK : Matt Moulson
Extra Defensemen
Normal : Jakub Kindl, Nathan Beaulieu, Fedor Tyutin - PP : Jakub Kindl - PK : Nathan Beaulieu, Fedor Tyutin
Penalty Shots
Aleksander Barkov, Mats Zuccarello, J.T. Miller, Tomas Plekanec, Andrew Ladd
Custom OT Lines Forwards
Aleksander Barkov, Mats Zuccarello, J.T. Miller, Tomas Plekanec, Andrew Ladd, Blake Comeau, Jannik Hansen, Ryan White, Matt Moulson, Devante Smith-Pelly
Custom OT Lines Defensemen
Alec Martinez, Jakub Kindl, Fedor Tyutin, Adam McQuaid, Matt Greene

Scratches
Jay Bouwmeester (Healthy), Josh Jooris (Healthy), Corey Tropp (Healthy)

Nordiques

5 vs 5 Forward 
   Center                   Left Wing                Right Wing               Time % Phy DF OF 
 1 Ryan O'Reilly            Jamie Benn               Sebastian Aho            30     0   2  3  
 2 Kyle Turris              Evander Kane             Alexander Wennberg       30     0   2  3  
 3 Patrik Berglund          Jaromir Jagr             Connor Brown             30     0   2  3  
 4 Luke Glendening          Derek MacKenzie          Jakub Vrana              10     1   2  2  

5 vs 5 Defense 
   Defense                  Defense                                           Time % Phy DF OF 
 1 Andrei Markov            Jared Spurgeon                                    38     1   2  2  
 2 Morgan Rielly            Shayne Gostisbehere                               38     1   2  2  
 3 Kevin Klein              John-Michael Liles                                24     1   3  1  
 4 Andrei Markov            Jared Spurgeon                                    0      1   2  2  

PowerPlay Forward 
   Center                   Left Wing                Right Wing               Time % Phy DF OF 
 1 Ryan O'Reilly            Jamie Benn               Sebastian Aho            50     1   1  3  
 2 Kyle Turris              Evander Kane             Alexander Wennberg       50     1   1  3  

PowerPlay Defense
   Defense                  Defense                                           Time % Phy DF OF 
 1 Andrei Markov            Shayne Gostisbehere                               55     1   1  3  
 2 Morgan Rielly            Jared Spurgeon                                    45     1   1  3  

Penalty Kill 4 Players Forward 
   Center                   Wing                     Time % Phy DF OF 
 1 Patrik Berglund          Connor Brown             50     1   3  1  
 2 Luke Glendening          Derek MacKenzie          50     1   3  1  

Penalty Kill 4 Players Defense
   Defense                  Defense                  Time % Phy DF OF 
 1 Morgan Rielly            Jared Spurgeon           50     1   3  1  
 2 Kevin Klein              John-Michael Liles       50     1   3  1  

Penalty Kill - 3 Players Forward 
   Forward                                           Time % Phy DF OF 
 1 Ryan O'Reilly                                     50     0   3  2  
 2 Patrik Berglund                                   50     0   3  2  

Penalty Kill - 3 Players Defense
   Defense                  Defense                  Time % Phy DF OF 
 1 Morgan Rielly            Jared Spurgeon           50     1   3  1  
 2 Kevin Klein              John-Michael Liles       50     1   3  1  

4 vs 4 Forward 
   Center                   Wing                     Time % Phy DF OF 
 1 Ryan O'Reilly            Jamie Benn               50     0   2  3  
 2 Kyle Turris              Alexander Wennberg       50     0   2  3  

4 vs 4 Defense
   Defense                  Defense                  Time % Phy DF OF 
 1 Andrei Markov            Shayne Gostisbehere      50     1   2  2  
 2 Morgan Rielly            Jared Spurgeon           50     1   2  2  

Last Minutes Offensive
   Center                   Left Wing                Right Wing               Defense                  Defense                  
   Ryan O'Reilly            Jamie Benn               Sebastian Aho            Andrei Markov            Shayne Gostisbehere      

Last Minutes Defensive
   Center                   Left Wing                Right Wing               Defense                  Defense                  
   Ryan O'Reilly            Jamie Benn               Sebastian Aho            Morgan Rielly            Jared Spurgeon           

Goaltenders
Starting : Roberto Luongo           
Backup : Jonathan Bernier         

Extra Forwards
Normal : Jamie Benn, Ryan O'Reilly, Kyle Turris - PP : Jaromir Jagr, Patrik Berglund - PK : Ryan O'Reilly
Extra Defensemen
Normal : Kevin Klein, John-Michael Liles, Andrei Markov - PP : John-Michael Liles - PK : Andrei Markov, Shayne Gostisbehere
Penalty Shots
Patrik Berglund, Kyle Turris, Sebastian Aho, Jamie Benn, Ryan O'Reilly
Custom OT Lines Forwards
Jamie Benn, Ryan O'Reilly, Kyle Turris, Alexander Wennberg, Patrik Berglund, Sebastian Aho, Evander Kane, Jaromir Jagr, Connor Brown, Luke Glendening
Custom OT Lines Defensemen
Andrei Markov, Jared Spurgeon, Morgan Rielly, Shayne Gostisbehere, Kevin Klein

Scratches
Tom Gilbert (Healthy), Paul Carey (Healthy)

% Time on Ice - Panthers

Lines # - Real PCT - Wanted PCT - Time Play
Normal Forward
1 - 32% - 34% - 16:48
2 - 29% - 30% - 15:10
3 - 21% - 20% - 10:41
4 - 18% - 16% - 9:04
Normal Defense
1 - 32% - 35% - 16:33
2 - 32% - 30% - 16:30
3 - 23% - 20% - 11:45
4 - 13% - 15% - 6:55
PP Forward
1 - 56% - 60% - 3:20
2 - 44% - 40% - 2:37
PP Defense
1 - 56% - 60% - 3:19
2 - 44% - 40% - 2:38
PK Forward
1 - 80% - 60% - 1:35
2 - 20% - 40% - 0:24
PK Defense
1 - 67% - 60% - 1:20
2 - 33% - 40% - 0:39
PK3 Forward
1 - 0% - 60%
2 - 0% - 40%
PK3 Defense
1 - 0% - 60%
2 - 0% - 40%
44 Forward
1 - 0% - 60%
2 - 0% - 40%
44 Defense
1 - 0% - 60%
2 - 0% - 40%
Last Minute Offensive  - 0:21
Last Minute Defensive  - 0:00
Total
Forward - 60:00
Defense - 60:00

% Time on Ice - Nordiques

Lines # - Real PCT - Wanted PCT - Time Play
Normal Forward
1 - 25% - 30% - 12:56
2 - 35% - 30% - 17:50
3 - 26% - 30% - 13:17
4 - 15% - 10% - 7:38
Normal Defense
1 - 37% - 38% - 19:17
2 - 37% - 38% - 18:53
3 - 26% - 24% - 13:31
4 - 0% - 0% - 0:00
PP Forward
1 - 72% - 50% - 1:26
2 - 28% - 50% - 0:33
PP Defense
1 - 50% - 55% - 1:00
2 - 50% - 45% - 0:59
PK Forward
1 - 50% - 50% - 2:58
2 - 50% - 50% - 2:59
PK Defense
1 - 54% - 50% - 3:14
2 - 46% - 50% - 2:43
PK3 Forward
1 - 0% - 50%
2 - 0% - 50%
PK3 Defense
1 - 0% - 50%
2 - 0% - 50%
44 Forward
1 - 0% - 50%
2 - 0% - 50%
44 Defense
1 - 0% - 50%
2 - 0% - 50%
Last Minute Offensive  - 0:00
Last Minute Defensive  - 0:23
Total
Forward - 60:00
Defense - 60:00

Play by Play

1st period


0:01 of 1st period - Ryan O'Reilly wins face-off versus Aleksander Barkov in neutral zone.
0:38 of 1st period - Snap shot by Alexander Wennberg.
0:38 of 1st period - Shot Misses the Net.
1:06 of 1st period - Wrist shot by Andrew Ladd.
1:06 of 1st period - Stopped by Roberto Luongo without a rebound.
1:07 of 1st period - Ryan White wins face-off versus Patrik Berglund in Nordiques zone.
1:28 of 1st period - Minor Penalty to Patrik Berglund for Hooking.
1:29 of 1st period - Aleksander Barkov wins face-off versus Connor Brown in Nordiques zone.
1:56 of 1st period - Morgan Rielly is hit by Blake Comeau and loses puck.
3:28 of 1st period - Penalty to Patrik Berglund is over, Patrik Berglund is back on ice.
3:35 of 1st period - Snap shot by Ales Hemsky.
3:35 of 1st period - Shot Misses the Net.
3:37 of 1st period - Snap shot by Adam McQuaid.
3:37 of 1st period - Deflect By Shayne Gostisbehere.
3:37 of 1st period - Stopped by Roberto Luongo with a rebound.
3:39 of 1st period - Backhand shot by Devante Smith-Pelly.
3:39 of 1st period - Stopped by Roberto Luongo with a rebound.
3:41 of 1st period - Snap shot by Adam McQuaid.
3:41 of 1st period - Stopped by Roberto Luongo without a rebound.
3:42 of 1st period - Ryan O'Reilly wins face-off versus Ryan White in Nordiques zone.
4:04 of 1st period - Icing by Alec Martinez.
4:05 of 1st period - Alexander Wennberg wins face-off versus Ryan White in Panthers zone.
4:10 of 1st period - Wrist shot by Kyle Turris.
4:10 of 1st period - Deflect By Alexander Wennberg.
4:10 of 1st period - Shot Misses the Net.
4:10 of 1st period - Puck is out of play.
4:11 of 1st period - Kyle Turris wins face-off versus J.T. Miller in Panthers zone.
4:17 of 1st period - Off-side.
4:18 of 1st period - Patrik Berglund wins face-off versus Aleksander Barkov in neutral zone.
4:21 of 1st period - Snap shot by Connor Brown.
4:21 of 1st period - Stopped by Carter Hutton without a rebound.
4:22 of 1st period - Patrik Berglund wins face-off versus Aleksander Barkov in Panthers zone.
4:37 of 1st period - Snap shot by Jaromir Jagr.
4:37 of 1st period - Stopped by Carter Hutton without a rebound.
4:38 of 1st period - Ryan O'Reilly wins face-off versus Tomas Plekanec in Panthers zone.
5:13 of 1st period - Wrist shot by Kyle Turris.
5:13 of 1st period - Stopped by Carter Hutton with a rebound.
5:19 of 1st period - Wrist shot by Kyle Turris.
5:19 of 1st period - Stopped by Carter Hutton with a rebound.
5:39 of 1st period - Snap shot by Kyle Brodziak.
5:39 of 1st period - Stopped by Roberto Luongo with a rebound.
6:05 of 1st period - Derek MacKenzie is hit by Matt Greene and loses puck.
6:16 of 1st period - Tomas Plekanec is hit by Jamie Benn and loses puck.
6:22 of 1st period - Off-side.
6:23 of 1st period - Alexander Wennberg wins face-off versus Aleksander Barkov in neutral zone.
6:50 of 1st period - John-Michael Liles is hit by Fedor Tyutin and loses puck.
6:56 of 1st period - Icing by Kevin Klein.
6:57 of 1st period - Ryan O'Reilly wins face-off versus Tomas Plekanec in Nordiques zone.
7:18 of 1st period - Wrist shot by Jamie Benn.
7:18 of 1st period - Shot Misses the Net.
7:20 of 1st period - Wrist shot by Kevin Klein.
7:20 of 1st period - Shot Misses the Net.
7:22 of 1st period - Backhand shot by Ryan O'Reilly.
7:22 of 1st period - Shot Blocked by Blake Comeau.
7:24 of 1st period - Snap shot by Jamie Benn.
7:24 of 1st period - Shot Misses the Net.
7:26 of 1st period - Wrist shot by Ryan O'Reilly.
7:26 of 1st period - Shot Blocked by Matt Greene.
7:38 of 1st period - Backhand shot by Jamie Benn.
7:38 of 1st period - Shot Blocked by Matt Greene.
7:48 of 1st period - Snap shot by Ryan O'Reilly.
7:48 of 1st period - Stopped by Carter Hutton without a rebound.
7:49 of 1st period - Patrik Berglund wins face-off versus Aleksander Barkov in Panthers zone.
8:16 of 1st period - Kyle Brodziak is hit by Evander Kane and loses puck.
8:39 of 1st period - Wrist shot by Luke Glendening.
8:39 of 1st period - Stopped by Carter Hutton with a rebound.
8:45 of 1st period - Wrist shot by Jakub Vrana.
8:45 of 1st period - Deflect By Luke Glendening.
8:45 of 1st period - Stopped by Carter Hutton without a rebound.
8:46 of 1st period - J.T. Miller wins face-off versus Patrik Berglund in Panthers zone.
8:46 of 1st period - J.T. Miller is hit by Shayne Gostisbehere.
9:23 of 1st period - Snap shot by Ales Hemsky.
9:23 of 1st period - Shot Misses the Net.
9:25 of 1st period - Slapshot by Matt Greene.
9:25 of 1st period - Shot Blocked by Morgan Rielly.
11:51 of 1st period - Minor Penalty to Derek MacKenzie for Tripping.
11:52 of 1st period - Patrik Berglund wins face-off versus Aleksander Barkov in Nordiques zone.
12:04 of 1st period - Wrist shot by J.T. Miller.
12:04 of 1st period - Deflect By Mats Zuccarello.
12:04 of 1st period - Stopped by Roberto Luongo with a rebound.
12:18 of 1st period - Alec Martinez is hit by Luke Glendening and loses puck.
13:51 of 1st period - Penalty to Derek MacKenzie is over, Derek MacKenzie is back on ice.
14:00 of 1st period - Kyle Turris is hit by Devante Smith-Pelly and loses puck.
14:13 of 1st period - Adam McQuaid is hit by Shayne Gostisbehere and loses puck.
14:45 of 1st period - Luke Glendening is hit by Alec Martinez.
14:57 of 1st period - Aleksander Barkov is hit by Kyle Turris and loses puck.
15:15 of 1st period - Andrew Ladd is hit by Jamie Benn.
15:48 of 1st period - Kyle Brodziak is hit by Alexander Wennberg and loses puck.
16:49 of 1st period - Slapshot by Matt Moulson.
16:49 of 1st period - Stopped by Roberto Luongo with a rebound.
16:56 of 1st period - Icing by Morgan Rielly.
16:57 of 1st period - Ryan O'Reilly wins face-off versus Blake Comeau in Nordiques zone.
17:27 of 1st period - Jared Spurgeon is hit by Mats Zuccarello and loses puck.
17:50 of 1st period - Snap shot by Jaromir Jagr.
17:50 of 1st period - Shot Misses the Net.
18:04 of 1st period - Slapshot by Derek MacKenzie.
18:04 of 1st period - Shot Misses the Net.
18:22 of 1st period - Adam McQuaid is hit by Kevin Klein and loses puck.
19:28 of 1st period - Backhand shot by Ales Hemsky.
19:28 of 1st period - Stopped by Roberto Luongo without a rebound.
19:29 of 1st period - Luke Glendening wins face-off versus Kyle Brodziak in Nordiques zone.
19:54 of 1st period - Kevin Klein is hit by Adam McQuaid and loses puck.
19:59 of 1st period - Slapshot by Blake Comeau.
19:59 of 1st period - Shot Misses the Net.
Goals for this period are 0 for Panthers vs 0 for Nordiques.
Shots for this period are 8 for Panthers vs 7 for Nordiques.

2nd period


0:01 of 2nd period - Aleksander Barkov wins face-off versus Patrik Berglund in neutral zone.
0:26 of 2nd period - Kyle Turris is hit by Matt Greene and loses puck.
0:53 of 2nd period - Morgan Rielly is hit by Adam McQuaid and loses puck.
1:33 of 2nd period - Icing by J.T. Miller.
1:34 of 2nd period - Luke Glendening wins face-off versus Aleksander Barkov in Panthers zone.
1:45 of 2nd period - Wrist shot by Aleksander Barkov.
1:45 of 2nd period - Shot Misses the Net.
2:10 of 2nd period - Slapshot by Tomas Plekanec.
2:10 of 2nd period - Stopped by Roberto Luongo with a rebound.
2:12 of 2nd period - Wrist shot by Tomas Plekanec.
2:12 of 2nd period - Stopped by Roberto Luongo with a rebound.
2:31 of 2nd period - Snap shot by Devante Smith-Pelly.
2:31 of 2nd period - Shot Misses the Net.
2:33 of 2nd period - Wrist shot by Ales Hemsky.
2:33 of 2nd period - Stopped by Roberto Luongo with a rebound.
2:35 of 2nd period - Slapshot by Fedor Tyutin.
2:35 of 2nd period - Deflect By Ales Hemsky.
2:35 of 2nd period - Shot Blocked by Jared Spurgeon.
2:35 of 2nd period - Puck is out of play.
2:36 of 2nd period - Patrik Berglund wins face-off versus J.T. Miller in Nordiques zone.
2:43 of 2nd period - Snap shot by Aleksander Barkov.
2:43 of 2nd period - Shot Blocked by Shayne Gostisbehere.
2:45 of 2nd period - Minor Penalty to Jaromir Jagr for Holding.
2:46 of 2nd period - Aleksander Barkov wins face-off versus Luke Glendening in Nordiques zone.
3:11 of 2nd period - Connor Brown is hit by Blake Comeau and loses puck.
4:45 of 2nd period - Penalty to Jaromir Jagr is over, Jaromir Jagr is back on ice.
4:55 of 2nd period - Wrist shot by Ryan O'Reilly.
4:55 of 2nd period - Shot Blocked by Adam McQuaid.
4:57 of 2nd period - Wrist shot by Sebastian Aho.
4:57 of 2nd period - Deflect By Matt Greene.
4:57 of 2nd period - Shot Misses the Net.
4:57 of 2nd period - Puck is out of play.
4:58 of 2nd period - Kyle Turris wins face-off versus Ryan White in Panthers zone.
5:15 of 2nd period - Alec Martinez is hit by Jared Spurgeon and loses puck.
5:21 of 2nd period - Off-side.
5:22 of 2nd period - Ryan O'Reilly wins face-off versus Tomas Plekanec in neutral zone.
5:35 of 2nd period - Snap shot by Sebastian Aho.
5:35 of 2nd period - Stopped by Carter Hutton with a rebound.
5:41 of 2nd period - Jakub Kindl is hit by Sebastian Aho and loses puck.
5:49 of 2nd period - Tomas Plekanec is hit by Shayne Gostisbehere and loses puck.
6:18 of 2nd period - Ryan O'Reilly is hit by Tomas Plekanec and loses puck.
6:35 of 2nd period - Wrist shot by Andrew Ladd.
6:35 of 2nd period - Stopped by Roberto Luongo without a rebound.
6:36 of 2nd period - Patrik Berglund wins face-off versus Aleksander Barkov in Nordiques zone.
7:43 of 2nd period - Wrist shot by Connor Brown.
7:43 of 2nd period - Shot Misses the Net.
7:45 of 2nd period - Slapshot by Kevin Klein.
7:45 of 2nd period - Shot Misses the Net.
7:47 of 2nd period - Slapshot by Patrik Berglund.
7:47 of 2nd period - Stopped by Carter Hutton with a rebound.
8:03 of 2nd period - Snap shot by Alexander Wennberg.
8:03 of 2nd period - Stopped by Carter Hutton without a rebound.
8:04 of 2nd period - Patrik Berglund wins face-off versus Kyle Brodziak in Panthers zone.
8:09 of 2nd period - Snap shot by Jaromir Jagr.
8:09 of 2nd period - Stopped by Carter Hutton with a rebound.
8:11 of 2nd period - Snap shot by Shayne Gostisbehere.
8:11 of 2nd period - Shot Misses the Net.
8:13 of 2nd period - Wrist shot by Patrik Berglund.
8:13 of 2nd period - Shot Blocked by Adam McQuaid.
8:15 of 2nd period - Slapshot by Morgan Rielly.
8:15 of 2nd period - Stopped by Carter Hutton without a rebound.
8:16 of 2nd period - Patrik Berglund wins face-off versus Aleksander Barkov in Panthers zone.
8:17 of 2nd period - Backhand shot by Shayne Gostisbehere.
8:17 of 2nd period - Shot Blocked by Aleksander Barkov.
8:24 of 2nd period - Off-side.
8:25 of 2nd period - Aleksander Barkov wins face-off versus Patrik Berglund in neutral zone.
8:42 of 2nd period - Slapshot by Jaromir Jagr.
8:42 of 2nd period - Stopped by Carter Hutton with a rebound.
8:54 of 2nd period - Snap shot by Mats Zuccarello.
8:54 of 2nd period - Stopped by Roberto Luongo with a rebound.
9:02 of 2nd period - Backhand shot by Morgan Rielly.
9:02 of 2nd period - Stopped by Carter Hutton without a rebound.
9:03 of 2nd period - Tomas Plekanec wins face-off versus Kyle Turris in Panthers zone.
9:12 of 2nd period - Wrist shot by Kyle Turris.
9:12 of 2nd period - Stopped by Carter Hutton without a rebound.
9:13 of 2nd period - Tomas Plekanec wins face-off versus Alexander Wennberg in Panthers zone.
9:19 of 2nd period - Off-side.
9:20 of 2nd period - Aleksander Barkov wins face-off versus Kyle Turris in neutral zone.
9:47 of 2nd period - Andrew Ladd is hit by Jamie Benn and loses puck.
10:16 of 2nd period - Wrist shot by Jannik Hansen.
10:16 of 2nd period - Stopped by Roberto Luongo with a rebound.
10:18 of 2nd period - Slapshot by Jakub Kindl.
10:18 of 2nd period - Stopped by Roberto Luongo with a rebound.
10:32 of 2nd period - Wrist shot by Jakub Vrana.
10:32 of 2nd period - Stopped by Carter Hutton without a rebound.
10:33 of 2nd period - Luke Glendening wins face-off versus Kyle Brodziak in Panthers zone.
10:36 of 2nd period - Snap shot by Jakub Vrana.
10:36 of 2nd period - Goal by Jakub Vrana - Panthers : 0 - Nordiques : 1.
10:37 of 2nd period - Kyle Turris wins face-off versus Aleksander Barkov in neutral zone.
10:44 of 2nd period - Slapshot by Evander Kane.
10:44 of 2nd period - Shot Blocked by Matt Greene.
10:52 of 2nd period - Slapshot by Evander Kane.
10:52 of 2nd period - Shot Blocked by Jakub Kindl.
11:27 of 2nd period - Off-side.
11:28 of 2nd period - Patrik Berglund wins face-off versus Ryan White in neutral zone.
11:53 of 2nd period - Alexander Wennberg is hit by Nathan Beaulieu and loses puck.
12:29 of 2nd period - Slapshot by Alexander Wennberg.
12:29 of 2nd period - Shot Blocked by Ales Hemsky.
12:31 of 2nd period - Slapshot by John-Michael Liles.
12:31 of 2nd period - Stopped by Carter Hutton with a rebound.
12:50 of 2nd period - Kyle Turris is hit by Kyle Brodziak and loses puck.
13:11 of 2nd period - Slapshot by Alec Martinez.
13:11 of 2nd period - Deflect By Evander Kane.
13:11 of 2nd period - Stopped by Roberto Luongo without a rebound.
13:12 of 2nd period - Ryan O'Reilly wins face-off versus Aleksander Barkov in Nordiques zone.
13:23 of 2nd period - Wrist shot by Jamie Benn.
13:23 of 2nd period - Shot Misses the Net.
15:01 of 2nd period - J.T. Miller is hit by Derek MacKenzie and loses puck.
16:34 of 2nd period - Snap shot by Kyle Brodziak.
16:34 of 2nd period - Shot Blocked by Connor Brown.
16:36 of 2nd period - Snap shot by Ales Hemsky.
16:36 of 2nd period - Shot Blocked by Andrei Markov.
16:38 of 2nd period - Wrist shot by Kyle Brodziak.
16:38 of 2nd period - Deflect By Ales Hemsky.
16:38 of 2nd period - Stopped by Roberto Luongo without a rebound.
16:39 of 2nd period - Kyle Turris wins face-off versus Kyle Brodziak in Nordiques zone.
17:27 of 2nd period - Ryan White is hit by Derek MacKenzie and loses puck.
17:34 of 2nd period - Snap shot by Jakub Vrana.
17:34 of 2nd period - Deflect By Nathan Beaulieu.
17:34 of 2nd period - Stopped by Carter Hutton with a rebound.
17:36 of 2nd period - Wrist shot by Luke Glendening.
17:36 of 2nd period - Goal by Luke Glendening - Panthers : 0 - Nordiques : 2.
17:37 of 2nd period - Aleksander Barkov wins face-off versus Patrik Berglund in neutral zone.
17:40 of 2nd period - Snap shot by Mats Zuccarello.
17:40 of 2nd period - Stopped by Roberto Luongo with a rebound.
17:52 of 2nd period - Wrist shot by Patrik Berglund.
17:52 of 2nd period - Shot Blocked by Mats Zuccarello.
18:21 of 2nd period - Icing by Jamie Benn.
18:22 of 2nd period - Kyle Turris wins face-off versus Ryan White in Nordiques zone.
19:26 of 2nd period - Andrew Ladd is hit by Ryan O'Reilly and loses puck.
19:36 of 2nd period - Snap shot by Tomas Plekanec.
19:36 of 2nd period - Deflect By Andrew Ladd.
19:36 of 2nd period - Shot Misses the Net.
19:36 of 2nd period - Puck is out of play.
19:37 of 2nd period - Aleksander Barkov wins face-off versus Evander Kane in Nordiques zone.
19:40 of 2nd period - Slapshot by Aleksander Barkov.
19:40 of 2nd period - Stopped by Roberto Luongo without a rebound.
19:41 of 2nd period - Kyle Turris wins face-off versus Aleksander Barkov in Nordiques zone.
Goals for this period are 0 for Panthers vs 2 for Nordiques.
Shots for this period are 11 for Panthers vs 13 for Nordiques.

3rd period


0:01 of 3rd period - Aleksander Barkov wins face-off versus Patrik Berglund in neutral zone.
0:06 of 3rd period - Snap shot by Alec Martinez.
0:06 of 3rd period - Shot Blocked by Jared Spurgeon.
0:14 of 3rd period - Snap shot by J.T. Miller.
0:14 of 3rd period - Stopped by Roberto Luongo without a rebound.
0:15 of 3rd period - Ryan O'Reilly wins face-off versus Tomas Plekanec in Nordiques zone.
0:47 of 3rd period - Snap shot by Mats Zuccarello.
0:47 of 3rd period - Shot Misses the Net.
0:49 of 3rd period - Slapshot by Adam McQuaid.
0:49 of 3rd period - Stopped by Roberto Luongo with a rebound.
0:51 of 3rd period - Snap shot by Mats Zuccarello.
0:51 of 3rd period - Shot Misses the Net.
1:03 of 3rd period - Nathan Beaulieu is hit by Evander Kane and loses puck.
1:12 of 3rd period - Wrist shot by Kyle Turris.
1:12 of 3rd period - Stopped by Carter Hutton with a rebound.
1:14 of 3rd period - Wrist shot by Alexander Wennberg.
1:14 of 3rd period - Shot Misses the Net.
2:06 of 3rd period - Slapshot by Shayne Gostisbehere.
2:06 of 3rd period - Shot Blocked by Matt Greene.
2:47 of 3rd period - Snap shot by Ales Hemsky.
2:47 of 3rd period - Stopped by Roberto Luongo with a rebound.
2:55 of 3rd period - Wrist shot by Andrew Ladd.
2:55 of 3rd period - Shot Misses the Net.
2:57 of 3rd period - Slapshot by Jakub Kindl.
2:57 of 3rd period - Shot Blocked by Kevin Klein.
3:07 of 3rd period - Snap shot by Ryan O'Reilly.
3:07 of 3rd period - Shot Blocked by Fedor Tyutin.
3:09 of 3rd period - Slapshot by John-Michael Liles.
3:09 of 3rd period - Stopped by Carter Hutton with a rebound.
3:35 of 3rd period - Off-side.
3:36 of 3rd period - Patrik Berglund wins face-off versus Tomas Plekanec in neutral zone.
3:43 of 3rd period - Slapshot by Andrei Markov.
3:43 of 3rd period - Shot Blocked by Nathan Beaulieu.
3:49 of 3rd period - Slapshot by Jaromir Jagr.
3:49 of 3rd period - Stopped by Carter Hutton with a rebound.
4:24 of 3rd period - Wrist shot by Kyle Turris.
4:24 of 3rd period - Stopped by Carter Hutton without a rebound.
4:25 of 3rd period - Evander Kane wins face-off versus Aleksander Barkov in Panthers zone.
4:34 of 3rd period - Alec Martinez is hit by Evander Kane and loses puck.
4:41 of 3rd period - Wrist shot by Kyle Turris.
4:41 of 3rd period - Stopped by Carter Hutton with a rebound.
5:38 of 3rd period - Off-side.
5:39 of 3rd period - Kyle Brodziak wins face-off versus Luke Glendening in neutral zone.
5:42 of 3rd period - Jakub Vrana is hit by Alec Martinez and loses puck.
6:05 of 3rd period - Backhand shot by Shayne Gostisbehere.
6:05 of 3rd period - Deflect By Devante Smith-Pelly.
6:05 of 3rd period - Stopped by Carter Hutton without a rebound.
6:06 of 3rd period - Kyle Turris wins face-off versus Aleksander Barkov in Panthers zone.
6:22 of 3rd period - Snap shot by Mats Zuccarello.
6:22 of 3rd period - Shot Misses the Net.
6:34 of 3rd period - John-Michael Liles is hit by Tomas Plekanec and loses puck.
6:50 of 3rd period - Off-side.
6:51 of 3rd period - Ryan White wins face-off versus Ryan O'Reilly in neutral zone.
6:54 of 3rd period - Wrist shot by Matt Moulson.
6:54 of 3rd period - Shot Misses the Net.
6:56 of 3rd period - Wrist shot by Adam McQuaid.
6:56 of 3rd period - Stopped by Roberto Luongo with a rebound.
6:58 of 3rd period - Snap shot by Matt Moulson.
6:58 of 3rd period - Goal by Matt Moulson - Panthers : 1 - Nordiques : 2.
6:59 of 3rd period - Kyle Turris wins face-off versus Aleksander Barkov in neutral zone.
7:06 of 3rd period - Slapshot by Alexander Wennberg.
7:06 of 3rd period - Stopped by Carter Hutton with a rebound.
7:08 of 3rd period - Snap shot by Evander Kane.
7:08 of 3rd period - Goal by Evander Kane - Panthers : 1 - Nordiques : 3.
7:09 of 3rd period - Patrik Berglund wins face-off versus Aleksander Barkov in neutral zone.
7:20 of 3rd period - Snap shot by Aleksander Barkov.
7:20 of 3rd period - Shot Misses the Net.
7:22 of 3rd period - Slapshot by Alec Martinez.
7:22 of 3rd period - Stopped by Roberto Luongo with a rebound.
7:24 of 3rd period - Slapshot by Alec Martinez.
7:24 of 3rd period - Stopped by Roberto Luongo without a rebound.
7:25 of 3rd period - Ryan O'Reilly wins face-off versus Tomas Plekanec in Nordiques zone.
7:30 of 3rd period - Slapshot by Jamie Benn.
7:30 of 3rd period - Stopped by Carter Hutton with a rebound.
7:32 of 3rd period - Backhand shot by Jamie Benn.
7:32 of 3rd period - Stopped by Carter Hutton with a rebound.
7:34 of 3rd period - Wrist shot by Sebastian Aho.
7:34 of 3rd period - Stopped by Carter Hutton without a rebound.
7:35 of 3rd period - Tomas Plekanec wins face-off versus Ryan O'Reilly in Panthers zone.
7:48 of 3rd period - Wrist shot by Sebastian Aho.
7:48 of 3rd period - Stopped by Carter Hutton with a rebound.
8:20 of 3rd period - Wrist shot by Jamie Benn.
8:20 of 3rd period - Shot Misses the Net.
8:22 of 3rd period - Wrist shot by Jamie Benn.
8:22 of 3rd period - Shot Misses the Net.
8:24 of 3rd period - Wrist shot by Sebastian Aho.
8:24 of 3rd period - Stopped by Carter Hutton without a rebound.
8:25 of 3rd period - Aleksander Barkov wins face-off versus Kyle Turris in Panthers zone.
8:32 of 3rd period - Snap shot by Alexander Wennberg.
8:32 of 3rd period - Stopped by Carter Hutton with a rebound.
8:34 of 3rd period - Slapshot by Andrei Markov.
8:34 of 3rd period - Stopped by Carter Hutton without a rebound.
8:35 of 3rd period - Kyle Turris wins face-off versus Aleksander Barkov in Panthers zone.
8:52 of 3rd period - Wrist shot by Alexander Wennberg.
8:52 of 3rd period - Stopped by Carter Hutton without a rebound.
8:53 of 3rd period - Patrik Berglund wins face-off versus Tomas Plekanec in Panthers zone.
9:01 of 3rd period - Snap shot by Andrew Ladd.
9:01 of 3rd period - Deflect By Tomas Plekanec.
9:01 of 3rd period - Stopped by Roberto Luongo without a rebound.
9:02 of 3rd period - Tomas Plekanec wins face-off versus Patrik Berglund in Nordiques zone.
9:19 of 3rd period - Wrist shot by Andrew Ladd.
9:19 of 3rd period - Shot Misses the Net.
9:21 of 3rd period - Slapshot by Jakub Kindl.
9:21 of 3rd period - Stopped by Roberto Luongo with a rebound.
9:23 of 3rd period - Snap shot by Blake Comeau.
9:23 of 3rd period - Stopped by Roberto Luongo with a rebound.
9:33 of 3rd period - Snap shot by Andrew Ladd.
9:33 of 3rd period - Deflect By Tomas Plekanec.
9:33 of 3rd period - Stopped by Roberto Luongo without a rebound.
9:34 of 3rd period - Mats Zuccarello wins face-off versus Kyle Turris in Nordiques zone.
9:45 of 3rd period - Wrist shot by Aleksander Barkov.
9:45 of 3rd period - Goal by Aleksander Barkov - Panthers : 2 - Nordiques : 3.
9:46 of 3rd period - Aleksander Barkov wins face-off versus Kyle Turris in neutral zone.
9:51 of 3rd period - Wrist shot by Mats Zuccarello.
9:51 of 3rd period - Shot Misses the Net.
9:53 of 3rd period - Slapshot by Alec Martinez.
9:53 of 3rd period - Deflect By Mats Zuccarello.
9:53 of 3rd period - Shot Misses the Net.
9:53 of 3rd period - Puck is out of play.
9:54 of 3rd period - Kyle Turris wins face-off versus Aleksander Barkov in Nordiques zone.
10:11 of 3rd period - Slapshot by Kyle Turris.
10:11 of 3rd period - Shot Misses the Net.
10:17 of 3rd period - Alexander Wennberg is hit by J.T. Miller.
11:19 of 3rd period - Slapshot by Mats Zuccarello.
11:19 of 3rd period - Stopped by Roberto Luongo with a rebound.
11:37 of 3rd period - Backhand shot by Aleksander Barkov.
11:37 of 3rd period - Stopped by Roberto Luongo with a rebound.
11:39 of 3rd period - Wrist shot by Mats Zuccarello.
11:39 of 3rd period - Stopped by Roberto Luongo with a rebound.
11:41 of 3rd period - Slapshot by Alec Martinez.
11:41 of 3rd period - Shot Misses the Net.
11:43 of 3rd period - Slapshot by Matt Greene.
11:43 of 3rd period - Stopped by Roberto Luongo without a rebound.
11:44 of 3rd period - Tomas Plekanec wins face-off versus Patrik Berglund in Nordiques zone.
11:55 of 3rd period - Wrist shot by Blake Comeau.
11:55 of 3rd period - Stopped by Roberto Luongo with a rebound.
12:02 of 3rd period - Minor Penalty to Blake Comeau for Boarding.
12:03 of 3rd period - Jamie Benn wins face-off versus Ryan White in Panthers zone.
12:39 of 3rd period - Kyle Brodziak is hit by Morgan Rielly and loses puck.
13:35 of 3rd period - Jared Spurgeon is hit by Matt Greene and loses puck.
13:59 of 3rd period - Morgan Rielly is hit by Alec Martinez.
14:02 of 3rd period - Penalty to Blake Comeau is over, Blake Comeau is back on ice.
14:19 of 3rd period - Derek MacKenzie is hit by Andrew Ladd and loses puck.
15:40 of 3rd period - Derek MacKenzie is hit by Devante Smith-Pelly and loses puck.
15:49 of 3rd period - Kyle Brodziak is hit by Derek MacKenzie and loses puck.
16:00 of 3rd period - Morgan Rielly is hit by Ryan White.
17:31 of 3rd period - J.T. Miller is hit by Morgan Rielly and loses puck.
17:50 of 3rd period - Adam McQuaid is hit by Jaromir Jagr and loses puck.
18:14 of 3rd period - Icing by Blake Comeau.
18:15 of 3rd period - Tomas Plekanec wins face-off versus Sebastian Aho in Panthers zone.
18:20 of 3rd period - Jakub Kindl is hit by Kevin Klein and loses puck.
18:54 of 3rd period - Shayne Gostisbehere is hit by Mats Zuccarello and loses puck.
19:09 of 3rd period - Panthers, Carter Hutton is pulled from the net.
19:23 of 3rd period - Snap shot by Jamie Benn.
19:23 of 3rd period - Goal by Jamie Benn - Panthers : 2 - Nordiques : 4.
19:23 of 3rd period - Carter Hutton from Panthers was sent back in the game.
19:24 of 3rd period - Patrik Berglund wins face-off versus Ryan White in neutral zone.
19:31 of 3rd period - Wrist shot by Patrik Berglund.
19:31 of 3rd period - Shot Misses the Net.
19:37 of 3rd period - Andrei Markov is hit by Ryan White and loses puck.
19:50 of 3rd period - Matt Greene is hit by Sebastian Aho and loses puck.
Goals for this period are 2 for Panthers vs 2 for Nordiques.
Shots for this period are 17 for Panthers vs 17 for Nordiques.